 Dungeon Crawl Stone Soup version 0.31-a0-177-g4aa6249778 (webtiles) character file.

Game seed: 10874466551988925162

15290 qw the Skirmisher (level 12, -5/114 HPs)
             Began as a Naga Hunter on June 18, 2023.
             Was a Priest of Okawaru.
             Slain by a komodo dragon (12 damage)
             ... on level 2 of the Lair of Beasts.
             The game lasted 00:04:33 (10457 turns).

qw the Skirmisher (Naga Hunter)                    Turns: 10457, Time: 00:04:33

Health: -5/114     AC: 20    Str: 14    XL:     12   Next: 25%
Magic:  13/16      EV: 13    Int: 10    God:    Okawaru [***...]
Gold:   604        SH:  0    Dex: 19    Spells: 11/11 levels left

rFire   + . .        Y - +0 orcbow
rCold   . . .        (shield currently unavailable)
rNeg    + + +        b - +1 leather armour "Pumotuj" {rPois rN+++ Slay+2 Stlth-}
rPois   +            h - +0 helmet
rElec   .            k - +1 cloak
rCorr   +            j - +2 pair of gloves
SInv    +            c - +0 barding of Follow the Leader {*Slow rN+++ rCorr}
Will    +....        (no amulet)
Stlth   ++           l - ring of protection from fire
HPRegen 0.39/turn    (no ring)
MPRegen 0.15/turn

%: slow self (1%)
@: heroic, very slow
A: AC +4, large, see invisible, deformed body, poison resistance, slowness 2,
spit poison 1, naga tail 1
a: Spit Poison, Renounce Religion, Heroism


You were on level 2 of the Lair of Beasts.
You worshipped Okawaru.
Okawaru was most pleased with you.
You visited 3 branches of the dungeon, and saw 11 of its levels.
You also visited: Sewer.

You collected 604 gold pieces.


Innate Abilities, Weirdness & Mutations

Your serpentine skin is tough. (AC +4)
You have supernaturally acute eyesight. (SInv)
Armour fits poorly on your strangely shaped body.
Your system is resistant to poisons. (rPois)
You cover ground very slowly.
You can spit poison.
You have a snake-like lower body.


   Skills:
 + Level 9.3(14.3) Fighting
 - Level 14.0(19.0) Ranged Weapons
 - Level 4.2(9.2) Armour
 - Level 5.0(10.0) Dodging
 - Level 1.5(6.5) Stealth
 - Level 5.4 Invocations


You had 11 spell levels left.
You didn't know any spells.
Your spell library was empty.

Inventory:

Hand Weapons
 Y - a +0 orcbow (weapon)
Armour
 b - the +1 leather armour "Pumotuj" (worn) {rPois rN+++ Slay+2 Stlth-}
   (You found it on level 4 of the Dungeon)

   Slay:      It affects your accuracy & damage with ranged weapons and melee
   (+2).
   rPois:     It protects you from poison.
   rN:        It renders you almost immune to negative energy.
   Stlth:     It makes you less stealthy.
 c - the +0 barding of Follow the Leader (worn) {*Slow rN+++ rCorr}
   (You acquired it on level 8 of the Dungeon)

   rN:        It renders you almost immune to negative energy.
   rCorr:     It protects you from acid and corrosion.
   *Slow:     It may slow you when you take damage.
 h - a +0 helmet (worn)
 j - a +2 pair of gloves (worn)
 k - a +1 cloak (worn)
Jewellery
 l - a ring of protection from fire (left hand)
 m - a ring of fire
 o - a ring of flight
Scrolls
 i - 3 scrolls of identify
Potions
 a - 3 potions of mutation
 e - 3 potions of enlightenment
 f - 3 potions of resistance
 g - a potion of might
 n - a potion of haste
 p - 2 potions of attraction {unknown}

Dungeon Overview and Level Annotations

Branches:
Dungeon (8/15)             Temple (1/1) D:5            Lair (2/5) D:8
  Sewer (visited)
  Swamp: Lair:2-3    Shoals: Lair:2-3     Snake: Lair:2-3    Spider: Lair:2-3

Altars:
Ashenzari
Dithmenos
Kikubaaqudgha
Makhleb
Okawaru
Qazlal
Ru
Sif Muna
Trog
Wu Jian
Yredelemnul

Annotations:
D:8 2 transporters


Message History

The arrow hits the yak but does no damage.
The yak is heavily wounded.
You shoot an arrow. The arrow barely misses the yak.
A nearby fungus withers and dies.
The yak gores you but does no damage.
You shoot an arrow. The arrow hits the yak!!
You kill the yak!
Okawaru accepts your kill.
You feel like a meek peon again.
You start resting.
Your surroundings suddenly seem different.
Splash!
You fall into the shallow water.
A bullfrog and a komodo dragon come into view.
Found a scroll of blinking.
Found a stone staircase leading up.
The bullfrog croaks.
You hear a croak.
You hear a bellow!
A yak comes into view.
You hear a croak.
Enter note:
Enter note:
Enter note:
10453 ||| INVOKING Heroism.
You gain the combat prowess of a mighty hero.
You can no longer speed up your combat.
A cane toad comes into view.
You shoot an arrow. The arrow hits the komodo dragon!
The komodo dragon is heavily wounded.
You shoot an arrow.
The arrow barely misses the komodo dragon.
The arrow hits the yak.
The yak is lightly wounded.
The komodo dragon barely misses you.
You shoot an arrow.
The arrow barely misses the komodo dragon.
The arrow hits the yak.
The yak is moderately wounded.
The bullfrog barely misses you.
You shoot an arrow. The arrow hits the komodo dragon.
The komodo dragon is heavily wounded.
The komodo dragon bites you!
You die...

###
.~~~~..P.......
..####
~~~~~~~........
.......
~~~~~~~~.......
.......
~~~~~~~~~......
.......
~~~.~~~~~......
.......
~~~<.~~~.......
.....#~
~~~.~~~~F......
.....#
~~~~~~~@FP..?..
.....#
~~~~~~l~..#....
.#...#
.~~~~~...## .
#.#...
.~..~~.### ##..
..#Y### # ...#
# ... .# .. .#


You could see a komodo dragon, a yak, a cane toad and a bullfrog.

Vanquished Creatures
  Erica (D:8)
  3 black mambas
  A torpor snail (Lair:1)
  5 cane toads
  A rime drake (Lair:1)
  3 komodo dragons
  A polar bear (Lair:2)
  Prince Ribbit (D:5)
  2 hornets
  7 blink frogs
  24 yaks
  A spriggan (Lair:1)
  A basilisk (Lair:1)
  Grum (D:8)
  5 water moccasins
  2 orc warriors
  2 ice beasts
  A sky beast (D:6)
  An ogre (D:6)
  4 centaurs
  7 wolves
  A kobold brigand (D:7)
  5 scorpions
  13 bullfrogs
  10 wights (D:8)
  9 killer bees
  4 howler monkeys
  A hound (D:4)
  A gnoll bouda (D:7)
  3 orc priests (D:7)
  A jelly (D:5)
  A sleepcap (D:5)
  4 iguanas
  8 orc wizards
  A hound zombie (D:3)
  Robin (D:4)
  6 gnolls
  5 adders
  A river rat (D:4)
  13 white imps
  A worm (D:2)
  4 dart slugs
  13 orcs
  2 bats
  5 endoplasms
  11 giant cockroaches
  15 goblins
  6 hobgoblins
  6 jackals
  8 quokkas
  10 ball pythons
  12 frilled lizards
  16 kobolds
  A quokka zombie (D:3)
  4 rats
276 creatures vanquished.

Notes
Turn   | Place    | Note
-------+----------+-------------------------------------------
     0 | D:1      | qw the Naga Hunter began the quest for the Orb.
     0 | D:1      | Reached XP level 1. HP: 19/19 MP: 1/1
     0 | D:1      | 0 ||| qw: Version: 0.3-a-7-ge0c9b40
     0 | D:1      | 0 ||| qw: Game counter: 838
     0 | D:1      | 0 ||| qw: Always use a shield: true
     0 | D:1      | 0 ||| qw: God list: Okawaru
     0 | D:1      | 0 ||| qw: Allow faded altars: false
     0 | D:1      | 0 ||| qw: Do Orc after D:15 true
     0 | D:1      | 0 ||| qw: Do second Lair branch before Depths: true
     0 | D:1      | 0 ||| qw: Lair rune preference: random
     0 | D:1      | 0 ||| qw: Plans: Normal
     0 | D:1      | 0 ||| PLANNING D:1-11
     7 | D:1      | 7 ||| INVOKING Spit Poison.
     8 | D:1      | 8 ||| INVOKING Spit Poison.
    25 | D:1      | 25 ||| INVOKING Spit Poison.
    28 | D:1      | 28 ||| INVOKING Spit Poison.
    56 | D:1      | Reached skill level 4 in Ranged Weapons
    56 | D:1      | Reached XP level 2. HP: 26/26 MP: 2/2
   133 | D:1      | 133 ||| INVOKING Spit Poison.
   134 | D:1      | 134 ||| INVOKING Spit Poison.
   141 | D:1      | 141 ||| INVOKING Spit Poison.
   146 | D:1      | 146 ||| INVOKING Spit Poison.
   226 | D:1      | 226 ||| INVOKING Spit Poison.
   233 | D:1      | 233 ||| INVOKING Spit Poison.
   236 | D:1      | 236 ||| Stepping ~*~*~tactically~*~*~ (outnumbered).
   238 | D:1      | 238 ||| INVOKING Spit Poison.
   269 | D:1      | 269 ||| INVOKING Spit Poison.
   270 | D:1      | Reached XP level 3. HP: 32/32 MP: 3/3
   275 | D:1      | 275 ||| INVOKING Spit Poison.
   281 | D:1      | 281 ||| INVOKING Spit Poison.
   286 | D:1      | 286 ||| INVOKING Spit Poison.
   287 | D:1      | 287 ||| FLEEEEING.
   361 | D:1      | 361 ||| INVOKING Spit Poison.
   369 | D:1      | 369 ||| INVOKING Spit Poison.
   435 | D:1      | 435 ||| INVOKING Spit Poison.
   486 | D:1      | 486 ||| UPGRADING to +2 pair of gloves.
   491 | D:1      | 491 ||| UPGRADING to +1 cloak.
   496 | D:1      | 496 ||| READING scroll labelled GIYNLY PEKKERI.
   499 | D:1      | 499 ||| READING scroll labelled LOPOTWO TOKKE.
   500 | D:1      | 500 ||| READING scroll labelled TAWEUWKAIHIJ.
   501 | D:1      | 501 ||| READING scroll labelled URCHUP SALY SYU.
   502 | D:1      | 502 ||| READING scroll labelled KUXZIN PED JAI.
   503 | D:1      | 503 ||| READING scroll labelled DUIN TEURERR.
   504 | D:1      | 504 ||| DRINKING 2 murky dark potions.
   505 | D:1      | 505 ||| DROPPING scroll of butterflies.
   526 | D:2      | 526 ||| INVOKING Spit Poison.
   529 | D:2      | 529 ||| INVOKING Spit Poison.
   532 | D:2      | 532 ||| INVOKING Spit Poison.
   553 | D:2      | 553 ||| INVOKING Spit Poison.
   596 | D:2      | 596 ||| INVOKING Spit Poison.
   615 | D:2      | 615 ||| INVOKING Spit Poison.
   632 | D:2      | 632 ||| INVOKING Spit Poison.
   636 | D:2      | Reached skill level 5 in Ranged Weapons
   636 | D:2      | Reached XP level 4. HP: 39/39 MP: 4/4
   672 | D:2      | 672 ||| INVOKING Spit Poison.
   736 | D:2      | 736 ||| INVOKING Spit Poison.
   739 | D:2      | 739 ||| INVOKING Spit Poison.
   747 | D:2      | 747 ||| INVOKING Spit Poison.
   843 | D:2      | 843 ||| INVOKING Spit Poison.
   878 | D:2      | 878 ||| INVOKING Spit Poison.
   902 | D:2      | 902 ||| DROPPING scarf of harm.
   903 | D:2      | 903 ||| READING scroll labelled RALYON WYEBBU.
   971 | D:2      | 971 ||| READING scroll labelled KEMOGI UDUANIVA.
   972 | D:2      | 972 ||| READING scroll labelled RUS NUUMIARR.
  1031 | D:3      | 1031 ||| INVOKING Spit Poison.
  1037 | D:3      | 1037 ||| INVOKING Spit Poison.
  1040 | D:3      | 1040 ||| INVOKING Spit Poison.
  1046 | D:3      | 1046 ||| INVOKING Spit Poison.
  1081 | D:3      | 1081 ||| INVOKING Spit Poison.
  1085 | D:3      | 1085 ||| INVOKING Spit Poison.
  1171 | D:3      | 1171 ||| INVOKING Spit Poison.
  1175 | D:3      | 1175 ||| INVOKING Spit Poison.
  1216 | D:3      | 1216 ||| INVOKING Spit Poison.
  1263 | D:3      | 1263 ||| INVOKING Spit Poison.
  1302 | D:3      | 1302 ||| INVOKING Spit Poison.
  1446 | D:3      | 1446 ||| INVOKING Spit Poison.
  1503 | D:3      | Reached skill level 3 in Fighting
  1512 | D:3      | Found a basalt altar of Yredelemnul.
  1587 | D:3      | 1587 ||| INVOKING Spit Poison.
  1617 | D:3      | 1617 ||| READING scroll labelled PUNEUCW CEONY.
  1757 | D:4      | 1757 ||| PLANNING SEWER
  1765 | D:4      | 1765 ||| INVOKING Spit Poison.
  1771 | D:4      | Found a glowing drain.
  1775 | D:4      | 1775 ||| INVOKING Spit Poison.
  1778 | D:4      | Reached XP level 5. HP: 49/49 MP: 5/5
  1786 | Sewer    | Entered a sewer
  1804 | Sewer    | 1804 ||| INVOKING Spit Poison.
  1815 | Sewer    | 1815 ||| INVOKING Spit Poison.
  1819 | Sewer    | 1819 ||| INVOKING Spit Poison.
  1845 | Sewer    | 1845 ||| INVOKING Spit Poison.
  1851 | Sewer    | 1851 ||| INVOKING Spit Poison.
  1869 | Sewer    | 1869 ||| INVOKING Spit Poison.
  1875 | Sewer    | 1875 ||| INVOKING Spit Poison.
  1884 | Sewer    | 1884 ||| INVOKING Spit Poison.
  1901 | Sewer    | 1901 ||| INVOKING Spit Poison.
  1917 | Sewer    | 1917 ||| INVOKING Spit Poison.
  1922 | Sewer    | 1922 ||| INVOKING Spit Poison.
  1928 | Sewer    | 1928 ||| INVOKING Spit Poison.
  1992 | Sewer    | 1992 ||| INVOKING Spit Poison.
  1997 | Sewer    | 1997 ||| INVOKING Spit Poison.
  2001 | Sewer    | 2001 ||| INVOKING Spit Poison.
  2005 | Sewer    | 2005 ||| INVOKING Spit Poison.
  2006 | Sewer    | Reached skill level 6 in Ranged Weapons
  2006 | Sewer    | Reached XP level 6. HP: 49/56 MP: 6/6
  2095 | Sewer    | 2095 ||| INVOKING Spit Poison.
  2232 | Sewer    | 2232 ||| READING scroll labelled SARIPHO SOCO.
  2252 | D:4      | 2252 ||| PLANNING D:1-11
  2253 | D:4      | 2253 ||| INVOKING Spit Poison.
  2260 | D:4      | Identified the +1 leather armour "Pumotuj" {rPois rN+++
                  | Slay+2 Stlth-}
  2331 | D:4      | 2331 ||| INVOKING Spit Poison.
  2401 | D:4      | 2401 ||| INVOKING Spit Poison.
  2403 | D:4      | Noticed Robin
  2406 | D:4      | 2406 ||| Stepping ~*~*~tactically~*~*~ (outnumbered).
  2407 | D:4      | 2407 ||| INVOKING Spit Poison.
  2411 | D:4      | 2411 ||| Stepping ~*~*~tactically~*~*~ (outnumbered).
  2412 | D:4      | 2412 ||| INVOKING Spit Poison.
  2416 | D:4      | 2416 ||| INVOKING Spit Poison.
  2423 | D:4      | 2423 ||| INVOKING Spit Poison.
  2426 | D:4      | 2426 ||| INVOKING Spit Poison.
  2426 | D:4      | Killed Robin
  2459 | D:4      | 2459 ||| INVOKING Spit Poison.
  2572 | D:4      | 2572 ||| INVOKING Spit Poison.
  2603 | D:4      | 2603 ||| INVOKING Spit Poison.
  2612 | D:4      | 2612 ||| INVOKING Spit Poison.
  2617 | D:4      | 2617 ||| INVOKING Spit Poison.
  2736 | D:4      | 2736 ||| INVOKING Spit Poison.
  3039 | D:4      | 3039 ||| UPGRADING to +1 leather armour "Pumotuj" {rPois
                  | rN+++ Slay+2 Stlth-}.
  3049 | D:4      | 3049 ||| DROPPING +0 leather armour.
  3050 | D:4      | 3050 ||| UPGRADING to +0 helmet.
  3055 | D:4      | 3055 ||| READING 2 scrolls of identify.
  3055 | D:4      | 3055 ||| IDENTIFYING fizzy golden potion
  3081 | D:5      | Entered Level 5 of the Dungeon
  3084 | D:5      | 3084 ||| INVOKING Spit Poison.
  3090 | D:5      | Reached skill level 1 in Armour
  3090 | D:5      | 3090 ||| INVOKING Spit Poison.
  3094 | D:5      | Reached XP level 7. HP: 64/64 MP: 7/7
  3097 | D:5      | 3097 ||| INVOKING Spit Poison.
  3100 | D:5      | 3100 ||| INVOKING Spit Poison.
  3106 | D:5      | 3106 ||| INVOKING Spit Poison.
  3117 | D:5      | Noticed Prince Ribbit
  3119 | D:5      | 3119 ||| INVOKING Spit Poison.
  3124 | D:5      | 3124 ||| INVOKING Spit Poison.
  3131 | D:5      | 3131 ||| INVOKING Spit Poison.
  3135 | D:5      | 3135 ||| INVOKING Spit Poison.
  3142 | D:5      | 3142 ||| INVOKING Spit Poison.
  3142 | D:5      | Killed Prince Ribbit
  3143 | D:5      | Reached skill level 7 in Ranged Weapons
  3225 | D:5      | 3225 ||| INVOKING Spit Poison.
  3335 | D:5      | 3335 ||| INVOKING Spit Poison.
  3338 | D:5      | 3338 ||| INVOKING Spit Poison.
  3350 | D:5      | 3350 ||| INVOKING Spit Poison.
  3356 | D:5      | 3356 ||| INVOKING Spit Poison.
  3359 | D:5      | Reached XP level 8. HP: 72/72 MP: 8/8
  3361 | D:5      | Found a staircase to the Ecumenical Temple.
  3362 | D:5      | 3362 ||| PLANNING TEMPLE
  3370 | D:5      | Reached skill level 8 in Ranged Weapons
  3383 | Temple   | Entered the Ecumenical Temple
  3395 | Temple   | 3395 ||| PLANNING D:1-11
  3462 | D:5      | 3462 ||| INVOKING Spit Poison.
  3482 | D:5      | 3482 ||| Stepping ~*~*~tactically~*~*~ (outnumbered).
  3483 | D:5      | 3483 ||| INVOKING Spit Poison.
  3488 | D:5      | 3488 ||| INVOKING Spit Poison.
  3559 | D:5      | 3559 ||| INVOKING Spit Poison.
  3564 | D:5      | 3564 ||| INVOKING Spit Poison.
  3591 | D:5      | 3591 ||| INVOKING Spit Poison.
  3604 | D:5      | 3604 ||| INVOKING Spit Poison.
  3695 | D:5      | 3695 ||| INVOKING Spit Poison.
  3699 | D:5      | 3699 ||| INVOKING Spit Poison.
  3917 | D:5      | 3917 ||| READING scroll labelled DAALA LIFOANG.
  3918 | D:5      | 3918 ||| READING 2 scrolls of identify.
  3918 | D:5      | 3918 ||| IDENTIFYING lumpy ruby potion
  3919 | D:5      | 3919 ||| DROPPING potion of lignification.
  3965 | D:6      | 3965 ||| INVOKING Spit Poison.
  4228 | D:6      | 4228 ||| INVOKING Spit Poison.
  4362 | D:6      | 4362 ||| INVOKING Spit Poison.
  4399 | D:6      | 4399 ||| INVOKING Spit Poison.
  4404 | D:6      | Reached skill level 9 in Ranged Weapons
  4562 | D:6      | 4562 ||| INVOKING Spit Poison.
  4583 | D:6      | 4583 ||| INVOKING Spit Poison.
  4586 | D:6      | 4586 ||| INVOKING Spit Poison.
  5072 | D:6      | 5072 ||| UPGRADING to ring of protection from fire.
  5073 | D:6      | 5073 ||| READING scroll labelled SUESUNGAST.
  5074 | D:6      | 5074 ||| READING 2 scrolls of identify.
  5074 | D:6      | 5074 ||| IDENTIFYING fuming puce potion
  5105 | D:7      | 5105 ||| INVOKING Spit Poison.
  5107 | D:7      | Reached skill level 6 in Fighting
  5111 | D:7      | 5111 ||| INVOKING Spit Poison.
  5118 | D:7      | 5118 ||| INVOKING Spit Poison.
  5123 | D:7      | 5123 ||| INVOKING Spit Poison.
  5126 | D:7      | 5126 ||| INVOKING Spit Poison.
  5129 | D:7      | Reached XP level 9. HP: 78/82 MP: 9/9
  5135 | D:7      | 5135 ||| INVOKING Spit Poison.
  5137 | D:7      | 5137 ||| STAIRDANCE
  5170 | D:7      | 5170 ||| INVOKING Spit Poison.
  5201 | D:7      | Noticed a hornet
  5202 | D:7      | 5202 ||| INVOKING Spit Poison.
  5206 | D:7      | 5206 ||| INVOKING Spit Poison.
  5209 | D:7      | Killed a hornet
  5210 | D:7      | Reached skill level 3 in Dodging
  5282 | D:7      | 5282 ||| Stepping ~*~*~tactically~*~*~ (outnumbered).
  5283 | D:7      | 5283 ||| INVOKING Spit Poison.
  5288 | D:7      | 5288 ||| INVOKING Spit Poison.
  5293 | D:7      | 5293 ||| INVOKING Spit Poison.
  5295 | D:7      | 5295 ||| Stepping ~*~*~tactically~*~*~ (outnumbered).
  5300 | D:7      | 5300 ||| INVOKING Spit Poison.
  5304 | D:7      | 5304 ||| INVOKING Spit Poison.
  5310 | D:7      | 5310 ||| INVOKING Spit Poison.
  5317 | D:7      | 5317 ||| INVOKING Spit Poison.
  5324 | D:7      | 5324 ||| INVOKING Spit Poison.
  5331 | D:7      | 5331 ||| INVOKING Spit Poison.
  5372 | D:7      | 5372 ||| INVOKING Spit Poison.
  5376 | D:7      | 5376 ||| INVOKING Spit Poison.
  5383 | D:7      | 5383 ||| INVOKING Spit Poison.
  5389 | D:7      | Reached skill level 10 in Ranged Weapons
  5389 | D:7      | 5389 ||| INVOKING Spit Poison.
  5391 | D:7      | HP: 19/82 [killer bee (4)]
  5392 | D:7      | 5392 ||| READING 3 scrolls of teleportation.
  5393 | D:7      | 5393 ||| INVOKING Spit Poison.
  5601 | D:7      | 5601 ||| INVOKING Spit Poison.
  5610 | D:7      | 5610 ||| SWAPPING to +0 orcbow.
  5611 | D:7      | 5611 ||| DROPPING +1 shortbow.
  5677 | D:7      | 5677 ||| INVOKING Spit Poison.
  5766 | D:7      | 5766 ||| INVOKING Spit Poison.
  5771 | D:7      | 5771 ||| INVOKING Spit Poison.
  5775 | D:7      | 5775 ||| INVOKING Spit Poison.
  5860 | D:7      | 5860 ||| INVOKING Spit Poison.
  5987 | D:7      | 5987 ||| INVOKING Spit Poison.
  6196 | D:7      | 6196 ||| DRINKING 2 lumpy orange potions.
  6229 | D:8      | 6229 ||| INVOKING Spit Poison.
  6237 | D:8      | Noticed Grum
  6240 | D:8      | 6240 ||| INVOKING Spit Poison.
  6243 | D:8      | Killed Grum
  6519 | D:8      | Found a staircase to the Lair.
  6519 | D:8      | Noticed a komodo dragon
  6527 | D:8      | 6527 ||| INVOKING Spit Poison.
  6533 | D:8      | 6533 ||| INVOKING Spit Poison.
  6539 | D:8      | 6539 ||| INVOKING Spit Poison.
  6539 | D:8      | Killed a komodo dragon
  6540 | D:8      | Reached skill level 11 in Ranged Weapons
  6540 | D:8      | Reached XP level 10. HP: 62/94 MP: 10/10
  6651 | D:8      | Found a bloodstained altar of Trog.
  6651 | D:8      | Found an iron altar of Okawaru.
  6652 | D:8      | 6652 ||| PLANNING OKAWARU WORSHIP
  6652 | D:8      | 6652 ||| INVOKING Spit Poison.
  6655 | D:8      | 6655 ||| INVOKING Spit Poison.
  6666 | D:8      | Became a worshipper of Warmaster Okawaru
  6667 | D:8      | 6667 ||| PLANNING D:1-11
  6676 | D:8      | 6676 ||| INVOKING Spit Poison.
  6680 | D:8      | 6680 ||| INVOKING Spit Poison.
  6684 | D:8      | 6684 ||| INVOKING Spit Poison.
  6751 | D:8      | 6751 ||| INVOKING Spit Poison.
  6797 | D:8      | 6797 ||| INVOKING Spit Poison.
  6809 | D:8      | 6809 ||| INVOKING Spit Poison.
  6842 | D:8      | Noticed Erica
  6843 | D:8      | 6843 ||| INVOKING Spit Poison.
  6848 | D:8      | 6848 ||| INVOKING Spit Poison.
  6851 | D:8      | 6851 ||| INVOKING Spit Poison.
  6852 | D:8      | Killed Erica
  6936 | D:8      | Reached * piety under Okawaru
  6944 | D:8      | 6944 ||| INVOKING Spit Poison.
  6948 | D:8      | 6948 ||| INVOKING Spit Poison.
  6977 | D:8      | Reached skill level 1 in Invocations
  6977 | D:8      | 6977 ||| INVOKING Spit Poison.
  6983 | D:8      | 6983 ||| INVOKING Spit Poison.
  6988 | D:8      | 6988 ||| INVOKING Spit Poison.
  6989 | D:8      | 6989 ||| INVOKING Heroism.
  6990 | D:8      | 6990 ||| INVOKING Heroism.
  6996 | D:8      | 6996 ||| INVOKING Spit Poison.
  7000 | D:8      | 7000 ||| INVOKING Spit Poison.
  7213 | D:8      | Found a transporter.
  7215 | D:8      | Found a transporter.
  7216 | D:8      | Noticed a boulder beetle
  7358 | D:8      | 7358 ||| PLANNING LAIR
  7358 | D:8      | 7358 ||| READING scroll labelled JEOMIGUESUO.
  7358 | D:8      | Identified a scroll of acquirement
  7358 | D:8      | 7358 ||| ACQUIRING +0 barding of Follow the Leader {*Slow
                  | rN+++ rCorr}
  7358 | D:8      | Acquired the +0 barding of Follow the Leader {*Slow rN+++
                  | rCorr}
  7360 | D:8      | 7360 ||| UPGRADING to +0 barding of Follow the Leader
                  | {*Slow rN+++ rCorr}.
  7369 | Lair:1   | Entered Level 1 of the Lair of Beasts
  7370 | Lair:1   | 7370 ||| PLANNING GAUNTLET
  7391 | Lair:1   | 7391 ||| INVOKING Spit Poison.
  7395 | Lair:1   | 7395 ||| INVOKING Spit Poison.
  7399 | Lair:1   | 7399 ||| INVOKING Spit Poison.
  7404 | Lair:1   | 7404 ||| INVOKING Heroism.
  7405 | Lair:1   | 7405 ||| INVOKING Spit Poison.
  7409 | Lair:1   | 7409 ||| INVOKING Spit Poison.
  7412 | Lair:1   | 7412 ||| INVOKING Spit Poison.
  7415 | Lair:1   | Reached skill level 3 in Invocations
  7632 | Lair:1   | 7632 ||| INVOKING Spit Poison.
  7636 | Lair:1   | 7636 ||| INVOKING Spit Poison.
  7640 | Lair:1   | 7640 ||| INVOKING Spit Poison.
  7644 | Lair:1   | 7644 ||| INVOKING Spit Poison.
  7645 | Lair:1   | Reached skill level 3 in Armour
  7726 | Lair:1   | Noticed a cane toad
  7727 | Lair:1   | 7727 ||| INVOKING Heroism.
  7734 | Lair:1   | Killed a cane toad
  7775 | Lair:1   | 7775 ||| INVOKING Spit Poison.
  7776 | Lair:1   | Reached ** piety under Okawaru
  7823 | Lair:1   | 7823 ||| INVOKING Spit Poison.
  7826 | Lair:1   | Noticed a cane toad
  7827 | Lair:1   | 7827 ||| INVOKING Heroism.
  7830 | Lair:1   | Noticed a black mamba
  7838 | Lair:1   | Killed a cane toad
  7839 | Lair:1   | Reached XP level 11. HP: 86/103 MP: 12/14
  7849 | Lair:1   | Reached skill level 12 in Ranged Weapons
  7853 | Lair:1   | 7853 ||| INVOKING Heroism.
  7854 | Lair:1   | 7854 ||| INVOKING Spit Poison.
  7892 | Lair:1   | Noticed a spriggan rider
  7893 | Lair:1   | 7893 ||| INVOKING Heroism.
  7900 | Lair:1   | 7900 ||| INVOKING Spit Poison.
  7907 | Lair:1   | 7907 ||| INVOKING Spit Poison.
  7912 | Lair:1   | HP: 24/103 [spriggan rider/+0 scimitar (11)]
  7913 | Lair:1   | 7913 ||| READING 4 scrolls of teleportation.
  7915 | Lair:1   | 7915 ||| INVOKING Spit Poison.
  7916 | Lair:1   | HP: 11/103 [hornet (4)]
  7918 | Lair:1   | 7918 ||| INVOKING Heroism.
  7943 | Lair:1   | 7943 ||| INVOKING Heroism.
  8085 | Lair:1   | 8085 ||| INVOKING Heroism.
  8086 | Lair:1   | 8086 ||| INVOKING Spit Poison.
  8091 | Lair:1   | 8091 ||| INVOKING Spit Poison.
  8249 | Lair:1   | 8249 ||| INVOKING Spit Poison.
  8312 | Lair:1   | 8312 ||| INVOKING Spit Poison.
  8363 | Lair:1   | 8363 ||| RIP GAUNTLET
  8363 | Lair:1   | 8363 ||| PLANNING LAIR
  8363 | Lair:1   | 8363 ||| INVOKING Heroism.
  8364 | Lair:1   | 8364 ||| INVOKING Spit Poison.
  8371 | Lair:1   | 8371 ||| INVOKING Spit Poison.
  8376 | Lair:1   | 8376 ||| INVOKING Spit Poison.
  8448 | Lair:1   | 8448 ||| Stepping ~*~*~tactically~*~*~ (outnumbered).
  8449 | Lair:1   | 8449 ||| INVOKING Spit Poison.
  8452 | Lair:1   | 8452 ||| Stepping ~*~*~tactically~*~*~ (outnumbered).
  8453 | Lair:1   | 8453 ||| Stepping ~*~*~tactically~*~*~ (outnumbered).
  8470 | Lair:1   | 8470 ||| Stepping ~*~*~tactically~*~*~ (outnumbered).
  8472 | Lair:1   | 8472 ||| Stepping ~*~*~tactically~*~*~ (outnumbered).
  8533 | Lair:1   | 8533 ||| INVOKING Spit Poison.
  8538 | Lair:1   | Reached skill level 13 in Ranged Weapons
  8564 | Lair:1   | 8564 ||| INVOKING Spit Poison.
  8571 | Lair:1   | 8571 ||| INVOKING Spit Poison.
  8575 | Lair:1   | 8575 ||| INVOKING Spit Poison.
  8581 | Lair:1   | 8581 ||| INVOKING Heroism.
  8582 | Lair:1   | 8582 ||| INVOKING Spit Poison.
  8587 | Lair:1   | HP: 14/104 [yak[a torpor snail] (13)]
  8588 | Lair:1   | 8588 ||| READING 3 scrolls of teleportation.
  8589 | Lair:1   | HP: 5/104 [yak[a torpor snail] (2)]
  8589 | Lair:1   | HP: 2/104 [yak[a torpor snail] (3)]
  8591 | Lair:1   | 8591 ||| INVOKING Spit Poison.
  8908 | Lair:1   | 8908 ||| INVOKING Spit Poison.
  8914 | Lair:1   | 8914 ||| INVOKING Spit Poison.
  8920 | Lair:1   | 8920 ||| INVOKING Spit Poison.
  8923 | Lair:1   | 8923 ||| INVOKING Heroism.
  8925 | Lair:1   | 8925 ||| INVOKING Spit Poison.
  8932 | Lair:1   | 8932 ||| INVOKING Spit Poison.
  8934 | Lair:1   | HP: 23/104 [yak (9)]
  8935 | Lair:1   | Reached skill level 9 in Fighting
  8935 | Lair:1   | 8935 ||| READING 2 scrolls of teleportation.
  8936 | Lair:1   | 8936 ||| INVOKING Spit Poison.
  9191 | Lair:1   | 9191 ||| INVOKING Spit Poison.
  9193 | Lair:1   | Reached *** piety under Okawaru
  9195 | Lair:1   | 9195 ||| INVOKING Spit Poison.
  9277 | Lair:1   | 9277 ||| INVOKING Spit Poison.
  9289 | Lair:1   | 9289 ||| INVOKING Heroism.
  9291 | Lair:1   | 9291 ||| INVOKING Spit Poison.
  9295 | Lair:1   | 9295 ||| INVOKING Spit Poison.
  9302 | Lair:1   | 9302 ||| INVOKING Spit Poison.
  9736 | Lair:2   | 9736 ||| INVOKING Heroism.
  9737 | Lair:2   | 9737 ||| INVOKING Spit Poison.
  9745 | Lair:2   | 9745 ||| INVOKING Spit Poison.
  9747 | Lair:2   | 9747 ||| STAIRDANCE
  9751 | Lair:1   | 9751 ||| INVOKING Spit Poison.
  9756 | Lair:1   | Received a gift from Okawaru
  9761 | Lair:1   | 9761 ||| INVOKING Spit Poison.
  9939 | Lair:2   | 9939 ||| INVOKING Heroism.
  9940 | Lair:2   | 9940 ||| INVOKING Spit Poison.
  9947 | Lair:2   | 9947 ||| INVOKING Spit Poison.
  9948 | Lair:2   | 9948 ||| INVOKING Spit Poison.
  9955 | Lair:2   | 9955 ||| INVOKING Spit Poison.
 10006 | Lair:2   | 10006 ||| INVOKING Heroism.
 10045 | Lair:2   | 10045 ||| INVOKING Spit Poison.
 10052 | Lair:2   | 10052 ||| INVOKING Spit Poison.
 10088 | Lair:2   | 10088 ||| INVOKING Heroism.
 10089 | Lair:2   | 10089 ||| INVOKING Spit Poison.
 10099 | Lair:2   | 10099 ||| INVOKING Spit Poison.
 10102 | Lair:2   | Reached XP level 12. HP: 85/114 MP: 13/15
 10224 | Lair:2   | Reached **** piety under Okawaru
 10244 | Lair:2   | 10244 ||| INVOKING Heroism.
 10410 | Lair:2   | Reached skill level 14 in Ranged Weapons
 10421 | Lair:2   | 10421 ||| INVOKING Heroism.
 10433 | Lair:2   | Received a gift from Okawaru
 10437 | Lair:2   | HP: 19/114 [yak (10)]
 10438 | Lair:2   | 10438 ||| READING 2 scrolls of teleportation.
 10441 | Lair:2   | HP: 7/114 [yak (13)]
 10442 | Lair:2   | HP: 3/114 [yak (2)]
 10447 | Lair:2   | 10447 ||| READING scroll of teleportation.
 10453 | Lair:2   | 10453 ||| INVOKING Heroism.
 10457 | Lair:2   | Slain by a komodo dragon

Levels and vault maps discovered:
D:1:      dpeg_arrival_pits, layout_rooms, minmay_bisected
D:2:      layout_basic
D:3:      layout_loops_cross, lemuel_zombie_altar_yredelemnul,
          hangedman_decor_lopped
D:4:      layout_basic, portal_sewer_entry_a, uniq_robin
D:5:      layout_basic, minmay_temple_entry_water_ring, uniq_prince_ribbit1
D:6:      layout_layer_cave
D:7:      layout_loops_cross
D:8:      gammafunk_boulding_lane, layout_rooms,
          grunt_temple_overflow_bloody_war, david_lair_shrubbed, uniq_grum,
          uniq_erica
Temple:   hellmonk_temple_rainy
Lair:1:   layout_regular_city, gauntlet_entry_generic,
          portal_ice_cave_entry_imps, grunt_forest_large_clearings,
          serial_bayou_shore_b
Lair:2:   layout_cave_pods, basic_altar, infiniplex_staircase_pool_2,
          grunt_megastairs_3

Skill      XL: |  1  2  3  4  5  6  7  8  9 10 11 12 |
---------------+-------------------------------------+-----
Ranged Weapons | 4 5 6 7 9 11 13 14 | 14.0
Fighting       | 3 4 6 7 8 9 |  9.3
Armour         | 1 3 4 |  4.2
Dodging        | 2 3 4 5 |  5.0
Invocations    | 4 5 |  5.4
Stealth        | |  1.5

Action                     |  1- 3 |  4- 6 |  7- 9 | 10-12 || total
---------------------------+-------+-------+-------+-------++-------
   Fire: Shortbow          |    59 |   160 |   200 |       ||   419
         Orcbow            |       |       |    70 |   495 ||   565
 Invoke: Heroism           |       |       |       |    20 ||    20
Ability: Spit Poison       |    23 |    54 |    64 |    71 ||   212
    Use: Scroll            |     6 |     6 |     5 |     6 ||    23
         Potion            |     1 |       |     1 |       ||     2
 Armour: Leather armour    |     6 |    39 |   141 |   239 ||   425
  Dodge: Dodged            |    15 |    43 |   151 |   250 ||   459

Table legend:
 A = Non-vault XP
 B = Vault XP
 C = Vault XP percentage of total XP
 D = Non-vault monster count
 E = Vault monster count
 F = Vault count percentage of total count
                 A         B        C        D         E       F
            +---------+---------+-------+---------+---------+-------
      Total |   17985 |    3859 |  17.7 |     206 |      70 |  25.4
            +---------+---------+-------+---------+---------+-------
        D:1 |      45 |       5 |  10.0 |      24 |       3 |  11.1
        D:2 |      47 |       0 |   0.0 |      13 |       0 |   0.0
        D:3 |      36 |      22 |  37.9 |      17 |       2 |  10.5
        D:4 |      67 |      46 |  40.7 |      11 |      13 |  54.2
        D:5 |     964 |     274 |  22.1 |      24 |       1 |   4.0
        D:6 |     465 |       0 |   0.0 |       6 |       0 |   0.0
        D:7 |    1773 |       0 |   0.0 |      31 |       0 |   0.0
        D:8 |    1406 |    1725 |  55.1 |      21 |       6 |  22.2
     Lair:1 |    8368 |     675 |   7.5 |      40 |      14 |  25.9
     Lair:2 |    4814 |     881 |  15.5 |      19 |       4 |  17.4
      Sewer |       0 |     231 | 100.0 |       0 |      27 | 100.0
            +---------+---------+-------+---------+---------+-------
